 Dungeon Crawl Stone Soup version 0.31-a0-204-g7da18cac08 (webtiles) character file.

Game seed: 2235799093518491807

136 lunkers the Twirler (level 5, -4/40 HPs)
             Began as a Meteoran Wanderer on June 27, 2023.
             Slain by an ogre
             ... wielding a +0 giant club
              (8 damage)
             ... on level 4 of the Dungeon.
             The game lasted 00:01:56 (1327 turns).

lunkers the Twirler (Meteoran Wanderer)             Turns: 1327, Time: 00:01:57

Health: -4/40      AC:  6    Str: 16    XL:     5   Next: 71%
Magic:  12/12      EV: 10    Int: 12    God:
Gold:   125        SH:  0    Dex: 14    Spells: 11/12 levels left

rFire   . . .        a - +2 quarterstaff
rCold   . . .        (shield currently unavailable)
rNeg    . . .        b - +0 ring mail
rPois   .            k - +0 helmet
rElec   .            (no cloak)
rCorr   .            (no gloves)
SInv    .            (no boots)
Will    .....        (no amulet)
Stlth   +            (no ring)
HPRegen 0.26/turn    (no ring)
MPRegen 0.13/turn

%: no passive effects
@: glowing
A: sense surroundings 1, otherworldly, glowing, explore regen
a: no special abilities


You were on level 4 of the Dungeon.
You visited 1 branch of the dungeon, and saw 4 of its levels.

You collected 125 gold pieces.

Inventory:

Hand Weapons
 a - a +2 quarterstaff (weapon)
Armour
 b - a +0 ring mail (worn)
 k - a +0 helmet (worn)
Wands
 h - a wand of flame (20)
Scrolls
 d - 4 scrolls of identify {unknown}
 l - a scroll of fear {unknown}
 m - a scroll of immolation {unknown}
 n - a scroll of silence {unknown}
Potions
 c - 2 potions of lignification
 e - a potion of resistance {unknown}
 f - a potion of attraction {unknown}
 g - a potion of curing {unknown}
 i - a potion of enlightenment {unknown}
 j - a potion of might {unknown}
 o - a potion of mutation {unknown}


   Skills:
 - Level 1.1 Fighting
 + Level 7.6 Staves
 - Level 1.2 Armour
 - Level 1.0 Stealth
 - Level 4.0 Spellcasting


You had 11 spell levels left.
You knew the following spells:

 Your Spells              Type           Power      Damage    Failure   Level
p - Shock                 Conj/Air       8%         1d3       38%         1

Your spell library contained the following spells:

 Spells                   Type           Power      Damage    Failure   Level
 Beastly Appendage        Tmut           4%         N/A       38%         1
 Kiss of Death            Conj/Necr      8%         2d6       38%         1
 Magic Dart               Conj           8%         1d3       38%         1
 Call Imp                 Summ           4%         N/A       54%         2
 Wereblood                Tmut           2%         N/A       54%         2
 Confusing Touch          Hex            2%         N/A       77%         3
 Mephitic Cloud           Conj/Pois/Air  2%         N/A       77%         3
 Spider Form              Tmut/Pois      2%         N/A       77%         3
 Stone Arrow              Conj/Erth      4%         3d7       77%         3
 Dispel Undead            Necr           2%         3d7       99%         4


Dungeon Overview and Level Annotations

Branches:
Dungeon (4/15) Zot: 1073
 Temple: D:4-7

Altars:


Innate Abilities, Weirdness & Mutations

You passively map a small area around you.
You are easily found by Zot.
You glow in the dark.
You regain HP and MP as you explore.


Message History

No target in view!
No target in view!
No target in view!
No target in view!
c - 2 potions of lignification (gained 1)
You hear the hiss of a very distant avalanche of sand.
A kobold comes into view. It is wielding a +0 club.
Found an escape hatch in the ceiling.
The kobold shouts!
A kobold is nearby!
You hit the kobold.
You kill the kobold!
No target in view!
No target in view!
No target in view!
No target in view!
No target in view!
No target in view!
No target in view!
You see here a +0 dagger.
You hear the hiss of a very distant avalanche of sand.
You see here a +0 long sword.
Found a stone staircase leading down.
No target in view!
An ogre comes into view. It is wielding a +0 giant club.
The ogre hits you with a +0 giant club!!
Ouch! That really hurt!
* * * LOW HITPOINT WARNING * * *
You sock the ogre!
The ogre is moderately wounded.
You sock the ogre!
The ogre is heavily wounded.
The ogre hits you with a +0 giant club!
* * * LOW HITPOINT WARNING * * *
You hit the ogre.
The ogre is severely wounded.
You barely miss the ogre.
The ogre is severely wounded.
The ogre hits you with a +0 giant club!
You die...

#.# #.# #.#
##.## ##...##
##.....##
####.......#####
#.......@O>.....
#.##.......####.
* #.###.....## ,
#########.#
##...## * *
..........#
##.##
########### #.#
* * #!# , , * ,
,... * * , * * *
** * , *


You could see an ogre.

Vanquished Creatures
  An iguana (D:4)
  Robin (D:3)
  5 adders
  A worm (D:3)
  A dart slug (D:3)
  An orc (D:3)
  3 endoplasms
  A giant cockroach (D:2)
  12 goblins
  5 hobgoblins
  2 jackals (D:4)
  4 quokkas
  A ball python (D:1)
  2 bats
  4 frilled lizards
  3 kobolds
  A rat (D:1)
48 creatures vanquished.

Notes
Turn   | Place    | Note
-------+----------+-------------------------------------------
     0 | D:1      | lunkers the Meteoran Wanderer began the quest for the Orb.
     0 | D:1      | lunkers set off with the following items: a +2
                  | quarterstaff, a +0 ring mail, a potion of lignification;
                  | and the following spell memorised: Shock; and the following
                  | spells available to memorise: Stone Arrow.
     0 | D:1      | Reached XP level 1. HP: 16/16 MP: 6/6
   121 | D:1      | Reached skill level 5 in Staves
   184 | D:1      | Reached XP level 2. HP: 22/23 MP: 8/8
   321 | D:2      | Reached XP level 3. HP: 13/28 MP: 9/9
   482 | D:2      | Reached skill level 6 in Staves
   613 | D:3      | Identified the +0 chain mail of the Hall of Blades {*Slow
                  | rElec rPois Dex+6}
   626 | D:3      | Reached XP level 4. HP: 35/35 MP: 11/11
   728 | D:3      | Noticed Robin
   738 | D:3      | Killed Robin
   935 | D:3      | Reached XP level 5. HP: 40/40 MP: 12/12
   982 | D:3      | Reached skill level 7 in Staves
  1320 | D:4      | Noticed an ogre
  1327 | D:4      | Slain by an ogre

Illustrated notes

Levels and vault maps discovered:
D:1:      onia_arrival_pentagram, layout_basic
D:2:      layout_loops_corners, serial_shops, shop
D:3:      layout_loops_ring, chequers_garden, uniq_robin,
          uniq_crazy_yiuf_cottage
D:4:      layout_loops_ring, lightli_ossuary_entry_decrepit_ruins

Skill      XL: |  1  2  3  4  5 |
---------------+----------------+-----
Staves         | 5 6 7 |  7.6
Fighting       | |  1.1
Armour         | |  1.2
Stealth        | |  1.0
Spellcasting   | |  4.0

Action                     |  1- 3 |  4- 6 || total
---------------------------+-------+-------++-------
  Melee: Quarterstaff      |    83 |    69 ||   152
 Armour: Ring mail         |    47 |    24 ||    71
  Dodge: Dodged            |    29 |    21 ||    50

Table legend: (Time is in decaauts)
 A = Elapsed time spent in this place.
 B = Non-inter-level travel time spent in this place.
 C = Inter-level travel time spent in this place.
 D = Time resting spent in this place.
 E = Time spent auto-exploring this place.
 F = Levels seen in this place.
 G = Mean time per level.
                   A        B        C        D        E       F      G
               +--------+--------+--------+--------+--------+-----+--------+
         Total |   1325 |   1299 |     26 |      0 |    978 |   4 |  331.2 |
       Dungeon |   1325 |   1299 |     26 |      0 |    978 |   4 |  331.2 |
               +--------+--------+--------+--------+--------+-----+--------+

Top non-repeatable levels by time:
     D:3: 486 daAuts
     D:2: 379 daAuts
     D:4: 244 daAuts
     D:1: 215 daAuts
